 Dungeon Crawl Stone Soup version 0.16.1 (console) character file.

9 gw the Chiller (level 2, -2/20 HPs)
             Began as a Draconian Ice Elementalist on Mar 23, 2015.
             Slain by an adder (4 damage)
             ... on level 1 of the Dungeon.
             The game lasted 00:01:34 (640 turns).

gw the Chiller (Draconian Ice Elementalist)          Turns: 640, Time: 00:01:34

Health: -2/20      AC:  4    Str: 10    XL:     2   Next: 3%
Magic:  0/4        EV: 12    Int: 15    God:
Gold:   18         SH:  0    Dex: 11    Spells: 2 memorised, 2 levels left

rFire  . . .     SeeInvis .     b - +0 club
rCold  . . .     Clarity  .     (armour unavailable)
rNeg   . . .     SustAb   .     (no shield)
rPois  .         Gourm    .     (helmet restricted)
rElec  .         Spirit   .     (no cloak)
rCorr  .         Warding  .     (no gloves)
rMut   .         Stasis   .     (no boots)
MR     .....                    (no amulet)
Stlth  ++........               (no ring)
                                (no ring)

@: lethally poisoned (-2 -> -16), very slightly contaminated, not resistant to
hostile enchantments, unstealthy
A: unfitting armour, cold-blooded, AC +4
a: no special abilities


You were on level 1 of the Dungeon.
You were not hungry.

You visited 1 branch of the dungeon, and saw 1 of its levels.

You collected 18 gold pieces.

Inventory:

Hand weapons
 b - a +0 club (weapon)
Missiles
 a - 4 needles of confusion
 f - a javelin (quivered)
 i - 4 stones
Scrolls
 h - 3 scrolls of fog {unknown}
Potions
 d - 2 potions of brilliance {unknown}
 g - a potion of cancellation {unknown}
 j - a potion of lignification {unknown}
Books
 e - a book of Frost

   Spells                             Type                      Level
   a - Freeze                         Ice                          1
   b - Throw Frost                    Conjuration/Ice              2
   c - Ozocubu's Armour               Charms/Ice                   3
   d - Throw Icicle                   Conjuration/Ice              4
   e - Summon Ice Beast               Ice/Summoning                4
   f - Condensation Shield            Ice                          4
Comestibles
 c - a bread ration


   Skills:
 + Level 0.2 Fighting
 + Level 1.9 Dodging
 - Level 1.7 Stealth
 * Level 2.2 Spellcasting
 - Level 1.0 Conjurations
 + Level 3.2 Ice Magic


You had 2 spell levels left.
You knew the following spells:

 Your Spells              Type           Power        Failure   Level  Hunger
a - Freeze                Ice            ##..         8%          1    #......
b - Throw Frost           Conj/Ice       #.....       14%         2    ###....


Dungeon Overview and Level Annotations

Branches:
Dungeon (1/15)

Altars:


Innate Abilities, Weirdness & Mutations

Your plain brown scales are hard (AC +4).
Your body does not fit into most forms of armour.
Your cold-blooded metabolism reacts poorly to cold.


Message History

The adder poisons you!
Unknown command.
Unknown command.
Unknown command.
Unknown command.
ATTACKING (-1,-1)
You barely miss the adder.
Your tail-slap misses the adder.
The adder is almost dead.
You feel sick. The adder bites you.
You are more poisoned.
The adder poisons you!
Unknown command.
Unknown command.
Unknown command.
Unknown command.
ATTACKING (-1,-1)
You closely miss the adder.
The adder is almost dead.
You feel sick. The adder bites you.
You die...

.# # ... .# ......# .#...
.......# .#..# # . ........#
##..# .#.#........#
..#..#.#........# ###.#.
#.#........# ............>.(S..#
....# #.# ##d##### ##..# #.#
#......# ##..####.####.#......#
).............#......#
########.######......##########
.........#######..............#
...........................>#####
.##.###.###############.........#
..#.# #........[...####....####.#


You could see an adder.

Table legend:
 A = Turns spent in this place as a percentage of turns spent in the entire game.
 B = Non-inter-level travel turns spent in this place as a percentage of non-inter-level travel turns spent in the entire game.
 C = Inter-level travel turns spent in this place as a percentage of turns spent in this place.
 D = Turns resting spent in this place as a percentage of non-inter-level travel turns spent in this place.
 E = Turns spent auto-exploring this place as a percentage of non-inter-level travel turns spent in this place.
 F = Non-inter-level travel turns spent in this place divided by the number of levels of this place that you've seen.
                   A       B       C       D       E      F
               +-------+-------+-------+-------+-------+----------------------
         Total | 100.0 | 100.0 |   0.0 |   0.9 |   1.4 | 1983.0
       Dungeon | 100.0 | 100.0 |   0.0 |   0.9 |   1.4 | 1983.0
               +-------+-------+-------+-------+-------+----------------------

Table legend:
 A = Kills in this place as a percentage of kills in entire the game.
 B = Kills by you in this place as a percentage of kills by you in the entire game.
 C = Kills by friends in this place as a percentage of kills by friends in the entire game.
 D = Other kills in this place as a percentage of other kills in the entire game.
 E = Experience gained in this place as a percentage of experience gained in the entire game.
 F = Experience gained in this place divided by the number of levels of this place that you have seen.
                   A       B       C       D       E      F
               +-------+-------+-------+-------+-------+----------------------
         Total | 100.0 | 100.0 |  -nan |  -nan | 100.0 |  13.0
       Dungeon | 100.0 | 100.0 |  -nan |  -nan | 100.0 |  13.0
               +-------+-------+-------+-------+-------+----------------------

Vanquished Creatures
  A bat (D:1)
  A goblin (D:1)
  A hobgoblin (D:1)
  A giant newt (D:1)
  2 kobolds (D:1)
  3 rats (D:1)
9 creatures vanquished.

Notes
Turn   | Place    | Note
--------------------------------------------------------------
     0 | D:1      | gw, the Draconian Ice Elementalist, began the quest for the Orb.
     0 | D:1      | Reached XP level 1. HP: 14/14 MP: 3/3
   397 | D:1      | Reached XP level 2. HP: 10/20 MP: 0/4
   553 | D:1      | Learned a level 2 spell: Throw Frost
   640 | D:1      | Slain by an adder

Action                   || total
-------------------------++-------
Melee: Club              ||    19
Throw: Javelin           ||     4
 Cast: Freeze            ||    10
       Throw Frost       ||     1

Vault maps used:
D:1:      eino_arrival_tree_alley
